 Dungeon Crawl Stone Soup version 0.28-a0-1429-gf3d713df7a (webtiles) character file.

Game seed: 18230731331204413354

58 HallandMoats the Skirmisher (level 4, 39/39 HPs)
             Began as a Ghoul Fighter on Jan 8, 2022.
             Was a Follower of Nemelex Xobeh.
             Safely got out of the dungeon.
             The game lasted 00:01:55 (1583 turns).

HallandMoats the Skirmisher (Ghoul Fighter)         Turns: 1583, Time: 00:01:55

Health: 39/39      AC:  6    Str: 19    XL:     4   Next: 2%
Magic:  3/3        EV:  9    Int:  3    God:    Nemelex Xobeh [*.....]
Gold:   44         SH:  4    Dex: 10    Spells: 3/3 levels left

rFire   . . .      SeeInvis .   a - +0 flail
rCold   + . .      Faith    .   c - +0 buckler
rNeg    + + +      Spirit   .   b - +0 scale mail
rPois   ∞          Reflect  .   (no helmet)
rElec   .          Harm     .   (no cloak)
rCorr   .          Rampage  .   (no gloves)
Will    .....                   (no boots)
Stlth   ..........              (no amulet)
HPRegen 0.13/turn               (no ring)
MPRegen 0.08/turn               (no ring)

@: no status effects
A: claws 1, cold resistance 1, negative energy resistance 3, inhibited
regeneration, torment resistance 2
a: Renounce Religion, Draw Escape, Draw Destruction, Draw Summoning


You escaped.
You worshipped Nemelex Xobeh.
Nemelex Xobeh was aware of your devotion.
You visited 1 branch of the dungeon, and saw 2 of its levels.

You collected 44 gold pieces.

Inventory:

Hand Weapons
 a - a +0 flail (weapon)
Armour
 b - a +0 scale mail (worn)
 c - a +0 buckler (worn)
Jewellery
 l - an amulet of magic regeneration
Scrolls
 e - a scroll of noise {unknown}
 f - a scroll of summoning {unknown}
 g - a scroll of enchant weapon {unknown}
 h - 3 scrolls of teleportation {unknown}
 k - a scroll of fog {unknown}
 m - a scroll of identify {unknown}
Potions
 d - a potion of might
 i - a potion of heal wounds {unknown}
 j - 2 potions of degeneration {unknown}


   Skills:
 + Level 3.6 Fighting
 + Level 2.2 Maces & Flails
 + Level 3.0 Armour
 + Level 1.0 Dodging
 * Level 3.3 Shields


You had 3 spell levels left.
You didn't know any spells.
Your spell library contained the following spells:

 Spells                   Type           Power      Damage    Failure   Level
 Slow                     Hex            0%         N/A       94%         1
 Confusing Touch          Hex            0%         N/A       100%        3
 Vampiric Draining        Necr           0%         2d6       100%        3


Dungeon Overview and Level Annotations

Branches:
Dungeon (2/15)

Altars:
Nemelex Xobeh


Innate Abilities, Weirdness & Mutations

You thrive by killing the living.
You are immune to poison.
You have sharp fingernails.
Your flesh is cold resistant. (rC+)
You are immune to negative energy. (rN+++)
You do not regenerate when monsters are visible.
You are immune to unholy pain and torment.


Message History

Things that are here:
a giant cockroach corpse; a giant cockroach corpse A worm comes into view.
A worm is nearby!
A worm is nearby!
A worm is nearby!
You hit the worm.
The worm is lightly wounded.
The worm bites you.
A worm is nearby!
You hit the worm.
The worm is lightly wounded.
A worm is nearby!
You hit the worm.
The worm is lightly wounded.
You block the worm's attack.
A worm is nearby!
You sock the worm!
The worm is heavily wounded.
The worm completely misses you.
A worm is nearby!
You sock the worm!
You kill the worm!
Your Dodging skill increases to level 1!
You have reached level 4!
(D) Dungeon
Where to? (Enter - D:2, ? - help)
What level of the Dungeon? (default 1, ? - help)
Found 5 gold pieces.
Things that are here:
a giant cockroach corpse; a giant cockroach corpse
There is a stone staircase leading up here.
You climb upwards.
There is a stone staircase leading down here.
There is a shaft here.
As you open the door, it creaks loudly!
There is an open door here.
There is a staircase leading out of the dungeon here.
Are you sure you want to leave the Dungeon?
This will make you lose the game!
You have escaped!

#)##.##.#####.......########
#.....#.# #.......# #
####..#.# #.......# #
#..#.#####.......# #
####..#.............# #
#.....#........#############
#.##.#..+++'+'.###..........
#.##.#..+....+..##.#......##
#.##.#..+..@.+...#.#........
#.##.#..+....+.#.#.#........
###.##.#..+....+.#.#.#........
#...##....++++++.#.#.#........
#.######..#............(......
#................#.#.#........
#######.#.#####..#.#.###.###..
#.......#.# ##.##.#.###.# #..
#.#######.# #..##.....#.# ###


There were no monsters in sight!

Vanquished Creatures
  A hound skeleton (D:2)
  An adder (D:2)
  A worm (D:2)
  3 ball pythons
  2 endoplasms (D:1)
  4 giant cockroaches
  2 goblins (D:1)
  3 hobgoblins (D:1)
  A quokka (D:2)
  5 bats
  4 frilled lizards (D:1)
  2 kobolds
  3 rats
32 creatures vanquished.

Notes
Turn   | Place    | Note
-------+----------+-------------------------------------------
     0 | D:1      | HallandMoats the Ghoul Fighter began the quest for the Orb.
     0 | D:1      | Reached XP level 1. HP: 19/19 MP: 0/0
   457 | D:1      | Reached XP level 2. HP: 23/26 MP: 1/1
  1210 | D:2      | Reached XP level 3. HP: 25/31 MP: 2/2
  1389 | D:2      | Found a faded altar of an unknown god.
  1420 | D:2      | Prayed at the altar of an unknown god.
  1420 | D:2      | Became a worshipper of Nemelex Xobeh the Trickster
  1420 | D:2      | Reached * piety under Nemelex Xobeh
  1420 | D:2      | Received a gift from Nemelex Xobeh
  1501 | D:2      | Reached skill level 1 in Dodging
  1501 | D:2      | Reached XP level 4. HP: 34/39 MP: 3/3
  1583 | D:$      | Safely got out of the dungeon.

Illustrated notes

Levels and vault maps discovered:
D:1:      lightli_arrival_maybe_door_vault, layout_basic
D:2:      layout_rooms, hellmonk_ecumenical_altar_pennies_from_heaven,
          minmay_misc_feat_chi, chequers_serial_rivers_small_b,
          kennysheep_crisscross

Skill      XL: |  1  2  3 |
---------------+----------+-----
Shields        | 3 |  3.3
Maces & Flails | 2 |  2.2
Armour         | 3 |  3.0
Dodging        | 1 |  1.0
Fighting       | |  3.6

Action                   |  1- 3 |  4- 6 || total
-------------------------+-------+-------++-------
Melee: Flail             |   109 |       ||   109
Armor: Scale mail        |    64 |       ||    64
Dodge: Dodged            |    64 |       ||    64
Block: Buckler           |    30 |       ||    30

Table legend: (Time is in decaauts)
 A = Elapsed time spent in this place.
 B = Non-inter-level travel time spent in this place.
 C = Inter-level travel time spent in this place.
 D = Time resting spent in this place.
 E = Time spent auto-exploring this place.
 F = Levels seen in this place.
 G = Mean time per level.
                   A        B        C        D        E       F      G
               +--------+--------+--------+--------+--------+-----+--------+
         Total |   1624 |   1523 |    101 |      0 |   1252 |   2 |  812.0 |
       Dungeon |   1624 |   1523 |    101 |      0 |   1252 |   2 |  812.0 |
               +--------+--------+--------+--------+--------+-----+--------+

Top non-repeatable levels by time:
     D:1: 1258 daAuts
     D:2: 366 daAuts
